 Dungeon Crawl Stone Soup version 0.18-a0-1560-ge216ca8 (webtiles) character file.

45 M4edhros the Charlatan (level 3, -6/23 HPs)
             Began as an Octopode Artificer on Mar 12, 2016.
             Mangled by an iguana (12 damage)
             ... on level 4 of the Dungeon.
             The game lasted 00:00:46 (361 turns).

M4edhros the Charlatan (Octopode Artificer)          Turns: 361, Time: 00:00:46

Health: -6/23      AC:  1    Str: 10    XL:     3   Next: 64%
Magic:  6/6        EV: 13    Int: 14    God:
Gold:   28         SH:  0    Dex: 13    Spells: 0 memorised, 2 levels left

rFire  + . .     SeeInvis .     a - +0 short sword
rCold  + . .     Gourm    .     (no shield)
rNeg   . . .     Faith    .     (helmet restricted)
rPois  +         Spirit   .     (no amulet)
rElec  +         Dismiss  .     i - ring of sustain attributes
rCorr  +         Reflect  .     (no ring)
SustAt +         Harm     .     (no ring)
MR     .....                    (no ring)
Stlth  +++.......               (no ring)
                                (no ring)
                                (no ring)
                                (no ring)

@: resistant, not resistant to hostile enchantments, fairly stealthy
A: almost no armour, amphibious, 8 rings, constrict 8, camouflage 1, gelatinous
body 1
a: no special abilities


You were on level 4 of the Dungeon.
You were not hungry.

You visited 1 branch of the dungeon, and saw 4 of its levels.

You collected 28 gold pieces.

Inventory:

Hand Weapons
 a - a +0 short sword (weapon)
Jewellery
 i - a ring of sustain attributes (left tentacle)
Wands
 b - a wand of flame (15/48)
 c - a wand of enslavement (15/24)
 d - a wand of random effects (15/48)
Scrolls
 g - a scroll of amnesia {unknown}
 j - 2 scrolls of identify {unknown}
 k - a scroll of random uselessness {unknown}
 p - a scroll of magic mapping {unknown}
Potions
 l - a potion of flight {unknown}
 n - a potion of invisibility {unknown}
Comestibles
 f - a bread ration
 h - a meat ration
 m - a slice of pizza


   Skills:
 - Level 1.0 Fighting
 - Level 1.0 Short Blades
 + Level 3.0 Dodging
 - Level 1.3 Stealth
 + Level 4.2 Evocations


You had 2 spell levels left.
You didn't know any spells.

Dungeon Overview and Level Annotations

Branches:
Dungeon (4/15)
 Temple: D:4-7

Altars:


Innate Abilities, Weirdness & Mutations

You cannot wear most types of armour.
You are amphibious.
You can wear up to eight rings at the same time.
You can use your tentacles to constrict eight enemies at once.
Your skin changes colour to match your surroundings (Stealth).
Your rubbery body absorbs attacks (AC +1).


Message History

You constrict the gnoll, but do no damage.
You hit the gnoll. You squeeze the gnoll.
The gnoll is almost dead.
You constrict the gnoll.
You kill the gnoll!
Your Dodging skill increases to level 3!
Drink which item? (? for menu, Esc to quit)
It was a potion of resistance.
You feel protected. The iguana bites you.
You hit the iguana but do no damage. You grab the iguana.
You constrict the iguana, but do no damage.
The iguana bites you!
Ouch! That really hurt!
* * * LOW HITPOINT WARNING * * *
Drink which item? (? for menu, Esc to quit)
It was a potion of curing.
You feel better.
You constrict the iguana. The iguana bites you!
Ouch! That really hurt!
You die...

########.
#<.......
#.....:..
#@######.
#l######.
#g.......
#.)######
#....
#.##...
... .....
#.. ....
### ..=.


You could see an iguana and a gnoll.

Vanquished Creatures
  2 gnolls (D:4)
  An adder (D:2)
  An ooze (D:2)
  A bat (D:1)
  A hobgoblin (D:2)
  5 kobolds
  A giant newt (D:1)
  4 rats (D:1)
16 creatures vanquished.

Notes
Turn   | Place    | Note
--------------------------------------------------------------
     0 | D:1      | M4edhros the Octopode Artificer began the quest for the Orb.
     0 | D:1      | Reached XP level 1. HP: 13/13 MP: 3/3
   164 | D:1      | Reached XP level 2. HP: 15/18 MP: 4/4
   204 | D:2      | Found a faded altar to an unknown god.
   238 | D:2      | Reached skill level 4 in Evocations
   238 | D:2      | Reached XP level 3. HP: 23/23 MP: 4/6
   360 | D:4      | HP: 1/23 [iguana (14)]
   361 | D:4      | Mangled by an iguana

Vault maps used:
D:1:      dpeg_arrival_three_same_balls, hangedman_decor_clover_reticule,
          roderic_digamma_sauvastika, roderic_cross_of_infinity,
          grunt_decor_one_mirror, nemelex_diamond_rough_becter
D:2:      ecumenical_altar_1, first_bread, minmay_box_of_dots,
          uniq_crazy_yiuf_cottage
D:3:      uniq_jessica
D:4:      uniq_pikel

Skill      XL: |  1  2  3 |
---------------+----------+-----
Evocations     | 4 |  4.2
Dodging        | 3 |  3.0
Fighting       | |  1.0
Short Blades   | |  1.0
Stealth        | |  1.3

Action                   || total
-------------------------++-------
Melee: Short sword       ||    23
  Use: Potion            ||     2
 Stab: Sleeping          ||     7
